 Dungeon Crawl Stone Soup version 0.18.1-5-g4a78601 (webtiles) character file.

7802 deawunn the Grappler (level 11, -8/109 HPs)
             Began as a Troll Monk on May 13, 2016.
             Mangled by a killer bee (10 damage)
             ... on level 10 of the Dungeon.
             The game lasted 00:29:07 (8169 turns).

deawunn the Grappler (Troll Monk)                   Turns: 8169, Time: 00:29:08

Health: -8/109     AC:  7    Str: 24    XL:     11   Next: 1%
Magic:  10/10      EV: 14    Int:  6    God:
Gold:   538        SH:  0    Dex: 15    Spells: 0 memorised, 10 levels left

rFire  . . .     SeeInvis .       - Unarmed
rCold  . . .     Gourm    +     K - steam dragon hide
rNeg   . . .     Faith    .     (no shield)
rPois  +         Spirit   .     S - +0 hat {MR+}
rElec  .         Dismiss  +     t - +1 cloak
rCorr  .         Reflect  .     (gloves unavailable)
SustAt .         Harm     .     (boots unavailable)
MR     ++...                    T - amulet "Dovofrin" {Dismiss rPois Dex+3}
Stlth  ++........               B - ring of protection from magic
                                x - ring of poison resistance

@: lethally poisoned (-8 -> -10), very resistant to hostile enchantments,
unstealthy
A: unfitting armour, claws 3, fast metabolism 3, gourmand, regeneration 2,
shaggy fur 1, tough skin 2
a: no special abilities


You were on level 10 of the Dungeon.
You were completely stuffed.

You visited 2 branches of the dungeon, and saw 11 of its levels.

You collected 538 gold pieces.

Inventory:

Hand Weapons
 Q - the cursed +1 dagger "Woemeobesk" {flame, Dex+4 SInv, unknown}
   (You found it on level 8 of the Dungeon)

   It has been specially enchanted to burn those struck by it, causing extra
   injury to most foes and up to half again as much damage against particularly
   susceptible opponents.
   It affects your dexterity (+4).
   It lets you see invisible.
   It has a curse placed upon it.
Missiles
 W - 4 tomahawks (quivered)
Armour
 o - a +0 shield
 t - a +1 cloak (worn)
 K - a steam dragon hide (worn)
 S - a +0 hat of magic resistance (worn)
Jewellery
 e - an uncursed ring of magical power
 v - an uncursed ring of protection from cold
 x - a ring of poison resistance (left claw)
 B - a ring of protection from magic (right claw)
 L - an uncursed ring of fire
 T - the amulet "Dovofrin" (around neck) {Dismiss rPois Dex+3}
   (You found it on level 8 of the Dungeon)

   [amulet of dismissal]

   It may teleport away creatures that harm you.
   It affects your dexterity (+3).
   It protects you from poison.
Wands
 r - a wand of random effects (39/48)
 H - a wand of lightning (9/15)
 I - a wand of flame (19/48)
 U - a wand of iceblast (9/15)
 X - a wand of random effects (37/48)
Scrolls
 c - 7 scrolls of identify
 d - 3 scrolls of fog {unknown}
 g - 4 scrolls of magic mapping
 h - a scroll of random uselessness {unknown}
 j - a scroll of enchant weapon {unknown}
 p - a scroll of immolation {unknown}
 u - 2 scrolls of remove curse
 w - 2 scrolls of recharging {unknown}
 y - a scroll of blinking {unknown}
 P - a scroll of teleportation {unknown}
 R - a scroll of fear {unknown}
Potions
 i - 3 potions of flight {unknown}
 l - 2 potions of agility {unknown}
 m - a potion of mutation {unknown}
 n - 6 potions of heal wounds {unknown}
 q - 3 potions of might {unknown}
 s - 4 potions of lignification {unknown}
 z - a potion of berserk rage {unknown}
 A - a potion of ambrosia {unknown}
 C - 2 potions of brilliance {unknown}
 E - 2 potions of haste {unknown}
 G - 3 potions of cure mutation {unknown}
 N - 3 potions of curing {unknown}
 O - a potion of cancellation {unknown}
Books
 D - a book of Summonings

   Spells                             Type                      Level
   a - Recall                         Summoning/Translocation      3
   b - Aura of Abjuration             Summoning                    5
   c - Summon Demon                   Summoning                    5
   d - Summon Forest                  Summoning/Translocation      5
   e - Summon Mana Viper              Hexes/Summoning              5
   f - Shadow Creatures               Summoning                    6
 J - a book of the Dragon

   Spells                             Type                      Level
   a - Flame Tongue                   Conjuration/Fire             1
   b - Cause Fear                     Hexes                        4
   c - Bolt of Fire                   Conjuration/Fire             6
   d - Dragon Form                    Transmutation                7
   e - Dragon's Call                  Summoning                    9
Comestibles
 a - 6 chunks of flesh
 b - 10 bread rations
 f - 11 slices of pizza
 k - 2 meat rations
 F - 6 beef jerkies
 M - a royal jelly


   Skills:
 + Level 7.5 Fighting
 + Level 7.5 Dodging
 - Level 1.1 Stealth
 * Level 12.5 Unarmed Combat


You had 10 spell levels left.
You didn't know any spells.

Dungeon Overview and Level Annotations

Branches:
Dungeon (10/15)            Temple (1/1) D:6             Orc (0/2) D:9
   Lair: D:8-11

Altars:
Ashenzari
Cheibriados
Dithmenos
Elyvilon
Fedhas
Gozag
Kikubaaqudgha
Makhleb
Nemelex Xobeh
Okawaru
Pakellas
Qazlal
Ru
Sif Muna
Trog
Vehumet
Xom
Yredelemnul
Zin
The Shining One

Shops:
D:5 [   D:7 [   D:8 (


Innate Abilities, Weirdness & Mutations

You are too large for most types of armour.
You have claws for hands.
Your metabolism is lightning-fast.
You like to eat raw meat.
You heal very quickly.
You are covered in fur (AC +1).
You have very tough skin (AC +2).


Message History

The killer bee poisons you!
You feel sick. The killer bee misses you. The killer bee stings you.
* * * LOW HITPOINT WARNING * * *
The killer bee stings you.
* * * LOW HITPOINT WARNING * * *
The killer bee closely misses you.
You feel sick.
You hear an angry buzzing noise.
The killer bee stings you!
* * * LOW HITPOINT WARNING * * *
The killer bee barely misses you. The killer bee stings you.
* * * LOW HITPOINT WARNING * * *
The killer bee stings you but does no damage.
The killer bee closely misses you. The killer bee completely misses you.
The killer bee closely misses you. x2
You hear an angry buzzing noise.
There is a lethal amount of poison in your body!
* * * LOW HITPOINT WARNING * * *
You feel sick. The killer bee barely misses you. The killer bee stings you!
You die...

#. #y# #..# #y#
#..###y# .
########...#†# ..
#...........## ##..
#............####....
#....................
#..........###y......
#...@y5y.............
#..yyy..y..###.......
#..........# #.......
#..........# #.......
#..........# #.......
############ #.......
######### ####.##.
........###....##.
........##........


You could see a queen bee, 5 killer bees and a crimson imp.

Vanquished Creatures
  Gastronok (D:8)
  An unseen horror (D:10)
  Grinder (D:5)
  A human (D:7)
  8 yaks
  2 steam dragons
  An orc warrior (D:9)
  2 black bears
  A necrophage (D:10)
  A phantom (D:3)
  An ice beast (D:10)
  4 ogres
  4 centaurs
  A big kobold (D:10)
  A crocodile (D:9)
  7 giant frogs
  A gnoll sergeant (D:4)
  A scorpion (D:4)
  3 wights (D:6)
  A killer bee (D:10)
  3 crimson imps
  4 howler monkeys
  A centaur zombie (D:5)
  4 hounds
  A jelly (D:10)
  6 orc priests
  11 orc wizards
  Crazy Yiuf (D:2)
  4 iguanas
  2 centaur skeletons
  2 giant frog skeletons
  7 worker ants
  2 sheep (D:7)
  A hound skeleton (D:6)
  2 worker ant zombies
  A howler monkey zombie (D:9)
  7 gnolls (D:5)
  5 adders
  A shadow imp (D:5)
  2 adder zombies
  An adder skeleton (D:7)
  4 worms
  2 dart slugs
  A giant gecko (D:2)
  41 orcs
  6 bats
  7 giant cockroaches
  7 goblins
  2 hobgoblins (D:3)
  A jackal (D:3)
  4 quokkas
  A ball python (D:5)
  9 giant newts
  9 kobolds
  A quokka zombie (D:5)
  6 rats
  4 rat zombies (D:3)
216 creatures vanquished.

Notes
Turn   | Place    | Note
--------------------------------------------------------------
     0 | D:1      | deawunn the Troll Monk began the quest for the Orb.
     0 | D:1      | Reached XP level 1. HP: 22/22 MP: 0/0
   232 | D:1      | Reached XP level 2. HP: 29/29 MP: 1/1
   774 | D:2      | Reached XP level 3. HP: 33/36 MP: 2/2
   818 | D:2      | Found a glowing golden altar of the Shining One.
  1090 | D:2      | Found a faded altar to an unknown god.
  1190 | D:2      | Reached XP level 4. HP: 41/44 MP: 3/3
  1220 | D:2      | Reached skill level 5 in Unarmed Combat
  1277 | D:2      | Noticed Crazy Yiuf
  1326 | D:2      | Killed Crazy Yiuf
  1489 | D:3      | Reached XP level 5. HP: 5/53 MP: 4/4
  1630 | D:3      | Found a blossoming altar of Fedhas.
  1769 | D:3      | Found a sacrificial altar of Ru.
  2001 | D:3      | Found a burning altar of Makhleb.
  2217 | D:3      | Found an ancient bone altar of Kikubaaqudgha.
  2293 | D:3      | Noticed a phantom
  2304 | D:3      | Killed a phantom
  2304 | D:3      | Reached XP level 6. HP: 58/61 MP: 5/5
  2325 | D:4      | Reached skill level 6 in Unarmed Combat
  2581 | D:4      | Reached XP level 7. HP: 61/68 MP: 6/6
  2731 | D:4      | Found a shattered altar of Ashenzari.
  2786 | D:5      | Entered Level 5 of the Dungeon
  2793 | D:5      | Found Lywof's Antique Armour Shoppe.
  2857 | D:5      | Reached skill level 7 in Unarmed Combat
  3079 | D:5      | Noticed Grinder
  3087 | D:5      | Paralysed by something for 2 turns
  3098 | D:5      | Paralysed by something for 4 turns
  3108 | D:5      | Paralysed by something for 4 turns
  3179 | D:5      | Paralysed by Grinder for 4 turns
  3187 | D:5      | Killed Grinder
  3321 | D:5      | Reached XP level 8. HP: 79/79 MP: 7/7
  3638 | D:5      | Reached skill level 8 in Unarmed Combat
  4526 | D:6      | Found a sparkling altar of Nemelex Xobeh.
  4528 | D:6      | Found an opulent altar of Gozag.
  4597 | D:6      | Reached skill level 5 in Dodging
  4793 | D:6      | Reached skill level 5 in Fighting
  4856 | D:6      | Reached skill level 9 in Unarmed Combat
  4869 | D:6      | Found a staircase to the Ecumenical Temple.
  4885 | Temple   | Entered the Ecumenical Temple
  5359 | D:7      | Reached XP level 9. HP: 88/88 MP: 8/8
  5545 | D:7      | Found an oddly glowing altar of Pakellas.
  5545 | D:7      | Found Toirryunt's Antique Armour Shop.
  5688 | D:7      | Reached skill level 10 in Unarmed Combat
  5756 | D:7      | Found a sacrificial altar of Ru.
  5872 | D:7      | Found a white marble altar of Elyvilon.
  6093 | D:8      | Found a bloodstained altar of Trog.
  6119 | D:8      | Found Qijimm's Antique Weapon Emporium.
  6119 | D:8      | Found an iron altar of Okawaru.
  6125 | D:8      | Noticed Gastronok
  6126 | D:8      | Got an encrusted dagger
  6511 | D:8      | Killed Gastronok
  6511 | D:8      | Reached skill level 11 in Unarmed Combat
  6511 | D:8      | Reached XP level 10. HP: 41/100 MP: 9/9
  6520 | D:8      | Got a crude ivory amulet
  7002 | D:9      | Found a snail-covered altar of Cheibriados.
  7177 | D:9      | Found a staircase to the Orcish Mines.
  7436 | D:9      | Found a sparkling altar of Nemelex Xobeh.
  7728 | D:9      | Identified the amulet "Dovofrin" {Dismiss rPois Dex+3} (You found it on level 8 of the Dungeon)
  7783 | D:10     | Entered Level 10 of the Dungeon
  7902 | D:10     | Reached skill level 12 in Unarmed Combat
  7945 | D:10     | Killed an unseen horror
  8025 | D:10     | Reached XP level 11. HP: 96/109 MP: 10/10
  8168 | D:10     | HP: 3/109 [killer bee (12)]
  8169 | D:10     | Mangled by a killer bee

Skill      XL: |  1  2  3  4  5  6  7  8  9 10 |
---------------+-------------------------------+-----
Unarmed Combat | 5 6 7 9 11 12 | 12.5
Dodging        | 3 4 5 6 7 |  7.5
Fighting       | 3 4 5 6 7 |  7.5
Stealth        | |  1.1

Action                   |  1- 3 |  4- 6 |  7- 9 | 10-12 || total
-------------------------+-------+-------+-------+-------++-------
Melee: Unarmed           |    91 |   107 |   300 |   148 ||   646
       Punch             |       |     1 |    10 |     9 ||    20
  Use: Scroll            |       |       |       |     3 ||     3
 Stab: Sleeping          |     3 |       |     1 |     1 ||     5
  Eat: Chunk             |    16 |    13 |    36 |    15 ||    80
Armor: Robe              |    28 |    36 |    59 |    12 ||   135
       Steam dragon hide |       |       |       |    27 ||    27
Dodge: Dodged            |    34 |    42 |   134 |   107 ||   317
